| TOP OF THE 1ST |
|
Clinton Pilots batting - Pitching for Wisconsin Rapids Timber Rattlers : RHP Roger McDowell
|
|
Pitching: RHP Roger McDowell
|
|
|
Batting: RHB Danny Chairez
|
0-0: Called Strike 0-1: Foul Ball, location: 2F 0-2: Foul Ball, location: 2F 0-2: Foul Ball, location: 2F 0-2: Ball 1-2: Foul Ball, location: 2F 1-2: Fly out, F8 (Flyball, 8RD, EV 90.0 MPH)
|
|
Batting: RHB Tom Riley
|
0-0: Ball 1-0: Ball 2-0: Ball 3-0: Called Strike 3-1: Fly out, F9 (Flyball, 9LS, EV 86.9 MPH)
|
|
Batting: SHB Alan Regier
|
0-0: Ball 1-0: Ball 2-0: Called Strike 2-1: Swinging Strike 2-2: Ball 3-2: Base on Balls
|
|
Batting: RHB Abe Rael
|
0-0: Reached on error, E6 (Groundball, 6, EV 89.4 MPH) Alan Regier to second
|
|
Batting: RHB Joseph Rietano
|
0-0: Reached on error, E5 (Groundball, 56, EV 87.5 MPH) Alan Regier to third Abe Rael to second
|
|
Batting: RHB Alberto Reyes
|
0-0: Ball 1-0: Called Strike 1-1: Ball 2-1: Foul Ball, location: 2F 2-2: Strikes out swinging
|
| Top of the 1st over - 0 runs, 0 hits, 2 errors, 3 left on base; Clinton 0 - Wisconsin Rapids 0 |
| BOTTOM OF THE 1ST |
|
Wisconsin Rapids Timber Rattlers batting - Pitching for Clinton Pilots : RHP Steve Kordish
|
|
Pitching: RHP Steve Kordish
|
|
|
Batting: RHB Jim Presley
|
0-0: Called Strike 0-1: Ball 1-1: Fly out, F4 (Popup, 4S, EV 85.0 MPH)
|
|
Batting: LHB Matt Hall
|
0-0: Swinging Strike 0-1: Ground out 4-3 (Groundball, 4MS, EV 82.5 MPH)
|
|
Batting: LHB Dion James
|
0-0: Ball 1-0: Ball 2-0: Called Strike 2-1: Ball 3-1: Base on Balls
|
|
Batting: LHB Greg Smith
|
0-0: Ball 1-0: Swinging Strike 1-1: SINGLE (Groundball, 4MD, EV 97.5 MPH) Dion James to second Runner from 2nd tries for 3rd, SAFE, throw by CF made to third Greg Smith to second
|
|
Batting: RHB Barbaro Garbey
|
0-0: Foul Ball, location: 2F 0-1: Ground out 1-3 (Groundball, 15S, EV 69.4 MPH)
|
| Bottom of the 1st over - 0 runs, 1 hit, 0 errors, 2 left on base; Clinton 0 - Wisconsin Rapids 0 |
| TOP OF THE 2ND |
|
Clinton Pilots batting - Pitching for Wisconsin Rapids Timber Rattlers : RHP Roger McDowell
|
|
Batting: RHB Barry Siebert
|
0-0: Foul Ball, location: 2F 0-1: Ball 1-1: Swinging Strike 1-2: SINGLE (Groundball, 56S, EV 75.0 MPH) (infield hit)
|
|
Batting: LHB Epifano Martinez
|
0-0: Ball 1-0: Grounds out, U3 (Groundball, 3L, EV 98.8 MPH)
|
|
Batting: RHB Mark Parent
|
0-0: Called Strike 0-1: Ball Barry Siebert is caught stealing 3rd base 2-5 1-1: Ground out 1-3 (Groundball, P, EV 67.5 MPH)
|
| Top of the 2nd over - 0 runs, 1 hit, 0 errors, 0 left on base; Clinton 0 - Wisconsin Rapids 0 |
| BOTTOM OF THE 2ND |
|
Wisconsin Rapids Timber Rattlers batting - Pitching for Clinton Pilots : RHP Steve Kordish
|
|
Batting: RHB Darryl Motley
|
0-0: Fly out, F8 (Flyball, 78XD, EV 105.0 MPH)
|
|
Batting: RHB Al Pedrique
|
0-0: Called Strike 0-1: SINGLE (Groundball, 56D, EV 95.0 MPH)
|
|
Batting: SHB Jose Uribe
|
0-0: Ball 1-0: Ball 2-0: Fielders Choice at 2nd, 3-6 (Groundball, 34S, EV 90.0 MPH)
|
|
Batting: RHB Phil Lombardi
|
0-0: Ball 1-0: Ball 2-0: Swinging Strike 2-1: Swinging Strike 2-2: Ground out 6-3 (Groundball, 6, EV 85.0 MPH)
|
| Bottom of the 2nd over - 0 runs, 1 hit, 0 errors, 1 left on base; Clinton 0 - Wisconsin Rapids 0 |
| TOP OF THE 3RD |
|
Clinton Pilots batting - Pitching for Wisconsin Rapids Timber Rattlers : RHP Roger McDowell
|
|
Batting: RHB Danny Chairez
|
0-0: Ball 1-0: Ball 2-0: Foul Ball, location: 2F 2-1: Ball 3-1: Ground out 6-3 (Groundball, 6M, EV 88.8 MPH)
|
|
Batting: RHB Tom Riley
|
0-0: Ball 1-0: Ball 2-0: Called Strike 2-1: SINGLE (Line Drive, 6D, EV 97.5 MPH)
|
|
Batting: SHB Alan Regier
|
0-0: Ball Tom Riley steals 2nd base 1-0: Ball 2-0: Ball 3-0: Base on Balls
|
|
Batting: RHB Abe Rael
|
0-0: Ball 1-0: Called Strike 1-1: Grounds into double play, 4-6-3 (Groundball, 4, EV 92.5 MPH)
|
| Top of the 3rd over - 0 runs, 1 hit, 0 errors, 1 left on base; Clinton 0 - Wisconsin Rapids 0 |
| BOTTOM OF THE 3RD |
|
Wisconsin Rapids Timber Rattlers batting - Pitching for Clinton Pilots : RHP Steve Kordish
|
|
Batting: RHB Jim Presley
|
0-0: Swinging Strike 0-1: Swinging Strike 0-2: Foul Ball, location: 2F 0-2: Ball 1-2: Foul Ball, location: 2F 1-2: Ball 2-2: SOLO HOME RUN (Line Drive, 7D, EV 106.9 MPH), Distance : 370 ft
|
|
Batting: LHB Matt Hall
|
0-0: Ball 1-0: Ball 2-0: Fly out, F5 (Line Drive, 5, EV 70.0 MPH)
|
|
Batting: LHB Dion James
|
0-0: Foul Ball, location: 2F 0-1: Ball 1-1: Ball 2-1: Swinging Strike 2-2: Fly out, F8 (Line Drive, 8RM, EV 92.5 MPH)
|
|
Batting: LHB Greg Smith
|
0-0: Called Strike 0-1: Ball 1-1: Ground out U3 (Groundball, 3L, EV 91.3 MPH)
|
| Bottom of the 3rd over - 1 run, 1 hit, 0 errors, 0 left on base; Clinton 0 - Wisconsin Rapids 1 |
| TOP OF THE 4TH |
|
Clinton Pilots batting - Pitching for Wisconsin Rapids Timber Rattlers : RHP Roger McDowell
|
|
Batting: RHB Joseph Rietano
|
0-0: Fly out, F8 (Flyball, 8RXD, EV 91.9 MPH)
|
|
Batting: RHB Alberto Reyes
|
0-0: Called Strike 0-1: Ground out 5-3 (Groundball, 56, EV 85.0 MPH)
|
|
Batting: RHB Barry Siebert
|
0-0: Called Strike 0-1: Foul Ball, location: 2F 0-2: Ball 1-2: Ball 2-2: Fly out, F6 (Line Drive, 6, EV 60.6 MPH)
|
| Top of the 4th over - 0 runs, 0 hits, 0 errors, 0 left on base; Clinton 0 - Wisconsin Rapids 1 |
| BOTTOM OF THE 4TH |
|
Wisconsin Rapids Timber Rattlers batting - Pitching for Clinton Pilots : RHP Steve Kordish
|
|
Batting: RHB Barbaro Garbey
|
0-0: Ball 1-0: SINGLE (Groundball, 6MD, EV 105.0 MPH)
|
|
Batting: RHB Darryl Motley
|
0-0: Fielders Choice at 2nd, 6-4 (Groundball, 6S, EV 87.5 MPH)
|
|
Batting: RHB Al Pedrique
|
0-0: Called Strike 0-1: Ball 1-1: Foul Ball, location: 2F 1-2: Fly out, F7 (Line Drive, 7, EV 105.0 MPH)
|
|
Batting: SHB Jose Uribe
|
0-0: Ball 1-0: Called Strike 1-1: Swinging Strike 1-2: Fielders Choice at 2nd, U6 (Groundball, 6M, EV 100.6 MPH)
|
| Bottom of the 4th over - 0 runs, 1 hit, 0 errors, 1 left on base; Clinton 0 - Wisconsin Rapids 1 |
| TOP OF THE 5TH |
|
Clinton Pilots batting - Pitching for Wisconsin Rapids Timber Rattlers : RHP Roger McDowell
|
|
Batting: LHB Epifano Martinez
|
0-0: Ball 1-0: Ball 2-0: Called Strike 2-1: SINGLE (Line Drive, 7LS, EV 100.6 MPH)
|
|
Batting: RHB Mark Parent
|
0-0: Bunted foul 0-1: Bunt missed! 0-2: Ball 1-2: Ball 2-2: DOUBLE (Flyball, 78D, EV 101.3 MPH) Epifano Martinez to third
|
|
Batting: RHB Danny Chairez
|
0-0: Swinging Strike 0-1: SINGLE (Line Drive, 89M, EV 98.8 MPH) Epifano Martinez scores Mark Parent to third
|
|
Batting: RHB Tom Riley
|
0-0: Foul Ball, location: 2F 0-1: Ball 1-1: SINGLE (Groundball, 6MS, EV 73.1 MPH) (infield hit) Mark Parent scores Danny Chairez to second
|
|
Batting: SHB Alan Regier
|
0-0: Called Strike 0-1: Foul Ball, location: 2F 0-2: Ball 1-2: Ball 2-2: Foul Ball, location: 2F 2-2: Foul Ball, location: 2F 2-2: Ball 3-2: DOUBLE (Line Drive, 78M, EV 94.4 MPH) Danny Chairez scores Tom Riley to third
|
|
Batting: RHB Abe Rael
|
0-0: Ground out 5-3 (Groundball, 56S, EV 83.1 MPH) Tom Riley scores
|
|
Batting: RHB Joseph Rietano
|
0-0: Ball Alan Regier steals 3rd base 1-0: Called Strike 1-1: Ball 2-1: Fly out, F9 (Flyball, 89S, EV 87.5 MPH)
|
|
Batting: RHB Alberto Reyes
|
0-0: Foul Ball, location: 2F 0-1: Ball 1-1: Ball 2-1: Ball 3-1: Foul Ball, location: 2F 3-2: Base on Balls
|
|
Batting: RHB Barry Siebert
|
0-0: Called Strike 0-1: Foul Ball, location: 2F 0-2: Ball 1-2: Fielders Choice at 2nd, 5-4 (Groundball, 5, EV 103.1 MPH)
|
| Top of the 5th over - 4 runs, 5 hits, 0 errors, 2 left on base; Clinton 4 - Wisconsin Rapids 1 |
| BOTTOM OF THE 5TH |
|
Wisconsin Rapids Timber Rattlers batting - Pitching for Clinton Pilots : RHP Steve Kordish
|
|
Batting: RHB Phil Lombardi
|
0-0: Ball 1-0: Ball 2-0: Called Strike 2-1: Swinging Strike 2-2: Fly out, F8 (Flyball, 89XD, EV 105.6 MPH)
|
|
Batting: RHB Jim Presley
|
0-0: Ball 1-0: Ball 2-0: Called Strike 2-1: Ground out 6-3 (Groundball, 6, EV 101.9 MPH)
|
|
Batting: LHB Matt Hall
|
0-0: Ball 1-0: Ball 2-0: Called Strike 2-1: SINGLE (Line Drive, 6D, EV 94.4 MPH)
|
|
Batting: LHB Dion James
|
0-0: Fly out, F7 (Flyball, 78D, EV 101.3 MPH)
|
| Bottom of the 5th over - 0 runs, 1 hit, 0 errors, 1 left on base; Clinton 4 - Wisconsin Rapids 1 |
| TOP OF THE 6TH |
|
Clinton Pilots batting - Pitching for Wisconsin Rapids Timber Rattlers : RHP Roger McDowell
|
|
Batting: LHB Epifano Martinez
|
0-0: Called Strike 0-1: Foul Ball, location: 2F 0-2: Ground out 4-3 (Groundball, 4, EV 84.4 MPH)
|
|
Batting: RHB Mark Parent
|
0-0: DOUBLE (Line Drive, 78D, EV 109.4 MPH)
|
|
Batting: RHB Danny Chairez
|
0-0: Called Strike 0-1: Ground out U3 (Groundball, 3S, EV 84.4 MPH) Mark Parent to third
|
|
Pitching: RHP Jim Winn
|
|
|
Batting: RHB Tom Riley
|
0-0: Called Strike 0-1: Ground out 4-3 (Groundball, 4, EV 90.6 MPH)
|
| Top of the 6th over - 0 runs, 1 hit, 0 errors, 1 left on base; Clinton 4 - Wisconsin Rapids 1 |
| BOTTOM OF THE 6TH |
|
Wisconsin Rapids Timber Rattlers batting - Pitching for Clinton Pilots : RHP Steve Kordish
|
|
Batting: LHB Greg Smith
|
0-0: Ball 1-0: Ball 2-0: Ground out 4-3 (Groundball, 4, EV 100.0 MPH)
|
|
Batting: RHB Barbaro Garbey
|
0-0: Foul Ball, location: 2F 0-1: Ball 1-1: SINGLE (Line Drive, 56D, EV 103.1 MPH)
|
|
Batting: RHB Darryl Motley
|
0-0: Ball 1-0: Called Strike 1-1: Called Strike 1-2: Strikes out swinging
|
|
Batting: RHB Al Pedrique
|
0-0: Foul Ball, location: 2F 0-1: Ball 1-1: Ground out 5-3 (Groundball, 56S, EV 84.4 MPH)
|
| Bottom of the 6th over - 0 runs, 1 hit, 0 errors, 1 left on base; Clinton 4 - Wisconsin Rapids 1 |
| TOP OF THE 7TH |
|
Clinton Pilots batting - Pitching for Wisconsin Rapids Timber Rattlers : RHP Jim Winn
|
|
Batting: SHB Alan Regier
|
0-0: Ground out 3-1 (Groundball, 13, EV 85.6 MPH)
|
|
Batting: RHB Abe Rael
|
0-0: Called Strike 0-1: Foul Ball, location: 2F 0-2: Ball 1-2: Fly out, F9 (Flyball, 9D, EV 91.3 MPH)
|
|
Batting: RHB Joseph Rietano
|
0-0: Called Strike 0-1: Ball 1-1: Called Strike 1-2: Fly out, F9 (Flyball, 9LM, EV 93.8 MPH)
|
| Top of the 7th over - 0 runs, 0 hits, 0 errors, 0 left on base; Clinton 4 - Wisconsin Rapids 1 |
| BOTTOM OF THE 7TH |
|
Wisconsin Rapids Timber Rattlers batting - Pitching for Clinton Pilots : RHP Steve Kordish
|
|
Batting: SHB Jose Uribe
|
0-0: Fly out, F2 (Popup, 25F, EV 78.8 MPH)
|
|
Batting: RHB Phil Lombardi
|
0-0: Ball 1-0: Ground out 2-3 (Groundball, 13S, EV 60.0 MPH)
|
|
Batting: RHB Jim Presley
|
0-0: Ground out 6-3 (Groundball, 56, EV 86.9 MPH)
|
| Bottom of the 7th over - 0 runs, 0 hits, 0 errors, 0 left on base; Clinton 4 - Wisconsin Rapids 1 |
| TOP OF THE 8TH |
|
Clinton Pilots batting - Pitching for Wisconsin Rapids Timber Rattlers : RHP Jim Winn
|
|
Batting: RHB Alberto Reyes
|
0-0: Ball 1-0: Foul Ball, location: 2F 1-1: Called Strike 1-2: Strikes out looking
|
|
Batting: RHB Barry Siebert
|
0-0: Ball 1-0: Ball 2-0: DOUBLE (Groundball, 5L, EV 101.3 MPH)
|
|
Batting: LHB Epifano Martinez
|
0-0: Intentional Walk
|
|
Batting: RHB Mark Parent
|
0-0: Called Strike 0-1: Swinging Strike 0-2: Ball 1-2: Ball 2-2: Strikes out swinging
|
|
Batting: RHB Danny Chairez
|
0-0: Called Strike 0-1: Called Strike 0-2: Foul Ball, location: 2F 0-2: Ball 1-2: Ball 2-2: Ball 3-2: Strikes out swinging
|
| Top of the 8th over - 0 runs, 1 hit, 0 errors, 2 left on base; Clinton 4 - Wisconsin Rapids 1 |
| BOTTOM OF THE 8TH |
|
Wisconsin Rapids Timber Rattlers batting - Pitching for Clinton Pilots : RHP Steve Kordish
|
|
Batting: LHB Matt Hall
|
0-0: Foul Ball, location: 2F 0-1: Foul Ball, location: 2F 0-2: Ground out U3 (Groundball, 34, EV 101.3 MPH)
|
|
Batting: LHB Dion James
|
0-0: Fly out, F7 (Flyball, 7, EV 91.3 MPH)
|
|
Batting: LHB Greg Smith
|
0-0: Ball 1-0: Ball 2-0: Ground out U3 (Groundball, 3, EV 90.6 MPH)
|
| Bottom of the 8th over - 0 runs, 0 hits, 0 errors, 0 left on base; Clinton 4 - Wisconsin Rapids 1 |
| TOP OF THE 9TH |
|
Clinton Pilots batting - Pitching for Wisconsin Rapids Timber Rattlers : RHP Jim Winn
|
|
Batting: RHB Tom Riley
|
0-0: Ball 1-0: Ball 2-0: Called Strike 2-1: Ground out 6-3 (Groundball, 6M, EV 79.4 MPH)
|
|
Batting: SHB Alan Regier
|
0-0: Ball 1-0: Swinging Strike 1-1: Ball 2-1: Foul Ball, location: 2F 2-2: Strikes out swinging, 2-3 out at first.
|
|
Batting: RHB Abe Rael
|
0-0: Called Strike 0-1: Ball 1-1: Ball 2-1: SINGLE (Groundball, 56S, EV 67.5 MPH) (infield hit)
|
|
Pitching: RHP Steve Korczyk
|
|
|
Batting: RHB Joseph Rietano
|
0-0: Ball 1-0: Ball 2-0: Called Strike 2-1: Ball 3-1: Fly out, F9 (Line Drive, 9D, EV 93.8 MPH)
|
| Top of the 9th over - 0 runs, 1 hit, 0 errors, 1 left on base; Clinton 4 - Wisconsin Rapids 1 |
| BOTTOM OF THE 9TH |
|
Wisconsin Rapids Timber Rattlers batting - Pitching for Clinton Pilots : RHP Steve Kordish
|
|
Batting: RHB Barbaro Garbey
|
0-0: Foul Ball, location: 2F 0-1: Ball 1-1: Foul Ball, location: 2F 1-2: Strikes out swinging
|
|
Batting: RHB Darryl Motley
|
0-0: Called Strike 0-1: Swinging Strike 0-2: Fly out, F8 (Flyball, 8LXD, EV 105.0 MPH)
|
|
Batting: RHB Al Pedrique
|
0-0: Ball 1-0: Ball 2-0: Foul Ball, location: 2F 2-1: Foul Ball, location: 2F 2-2: Fly out, F9 (Flyball, 89M, EV 89.4 MPH)
|
| Bottom of the 9th over - 0 runs, 0 hits, 0 errors, 0 left on base; Clinton 4 - Wisconsin Rapids 1 |
|